 Dungeon Crawl Stone Soup version 0.31.0-4-g52a2dc7128 (webtiles) character file.

Game seed: 8387416701759172454

11989 tilp the Thaumaturge (level 12, -11/86 HPs)
             Began as a Djinni Fire Elementalist on Jan 22, 2024.
             Was an Elder of Makhleb.
             Killed themself with a badly aimed iceblast (18 damage)
             ... on level 11 of the Dungeon.
             The game lasted 00:28:19 (10272 turns).

tilp the Thaumaturge (Djinni Fire Elementalist)    Turns: 10272, Time: 00:28:20

Health: -11/86     AC: 11    Str: 13    XL:     12   Next: 14%
Gold:   1033       EV: 17    Int: 22    God:    Makhleb [****..] SH:  0 Dex: 20

rFire   + + +        a - staff of fire
rCold   x . .        (no shield)
rNeg    + . .        C - +2 robe {rN+}
rPois   ∞            l - +1 helmet
rElec   .            Q - +0 cloak
rCorr   .            s - +3 pair of gauntlets of War {Slay+5}
SInv    .            (boots unavailable)
Will    +....        v - amulet of regeneration
Stlth   +++          k - +6 ring of strength
HPRegen 1.14/turn    q - +6 ring of dexterity
MPRegen 0.00/turn

%: infuse magic (-12 HP)
@: flying
A: sickness immunity, fire resistance 2, cold vulnerability 1, float, innate
caster, HP casting, extra vitality 1
a: Renounce Religion, Minor Destruction, Lesser Servant of Makhleb, Major
Destruction


You were on level 11 of the Dungeon.
You worshipped Makhleb.
Makhleb was greatly pleased with you.
You visited 1 branch of the dungeon, and saw 11 of its levels.
You also visited: Ossuary.

You collected 1033 gold pieces.

Inventory:

Hand Weapons
 b - a +2 hand axe of electrocution
 o - a +2 falchion of pain
 x - a +0 dagger of speed
 Y - a +2 scimitar of flaming
Missiles
 c - 75 stones (quivered)
 y - a throwing net
 J - 2 boomerangs
 P - 8 poisoned darts
 W - a curare-tipped dart
Armour
 j - the +2 scale mail "Damuecs" {rF+ Stlth+}
   (You found it on level 10 of the Dungeon)

   rF+:       It protects you from fire.
   Stlth+:    It makes you more stealthy.
 l - a +1 helmet (worn)
 s - the +3 pair of gauntlets of War (worn) {Slay+5}
   (You found it on level 3 of the Dungeon)

   Slay+5:    It affects your accuracy & damage with ranged weapons and melee
   (+5).
 C - a +2 robe of positive energy (worn)
 Q - a +0 cloak (worn)
Magical Staves
 a - a staff of fire (weapon)
 L - a staff of alchemy
Jewellery
 k - a +6 ring of strength (left hand)
 q - a +6 ring of dexterity (right hand)
 r - an amulet of reflection
 t - a ring of fire
 v - an amulet of regeneration (around neck)
 X - a ring of fire
Talismans
 i - a blade talisman
 m - a beast talisman
Wands
 I - a wand of iceblast (10)
 M - a wand of polymorph (8)
 T - a wand of flame (9)
Scrolls
 f - 2 scrolls of noise
 B - 2 scrolls of fear
 D - a scroll of vulnerability
 F - 2 scrolls of teleportation
 G - 2 scrolls of revelation
 H - a scroll of brand weapon
 O - a scroll of blinking
 S - a scroll of enchant weapon
 U - a scroll of poison {unknown}
 V - a scroll of immolation {unknown}
 Z - a scroll of summoning {unknown}
Potions
 d - 3 potions of curing
 e - 2 potions of lignification
 g - 3 potions of enlightenment
 h - 3 potions of mutation
 n - 2 potions of ambrosia
 p - 2 potions of might
 u - 4 potions of brilliance
 w - 2 potions of berserk rage
 z - a potion of heal wounds
 A - 2 potions of resistance
 E - 4 potions of attraction
 N - a potion of cancellation
 R - a potion of haste
Miscellaneous
 K - a phantom mirror


   Skills:
 - Level 8.0 Fighting
 - Level 4.0 Staves
 - Level 8.0 Dodging
 - Level 4.0 Stealth
 + Level 10.5 Spellcasting
 + Level 10.5 Conjurations
 + Level 10.5 Hexes
 + Level 10.5 Summonings
 + Level 10.5 Necromancy
 + Level 10.5 Translocations
 + Level 10.5 Fire Magic
 + Level 10.5 Ice Magic
 + Level 10.5 Air Magic
 + Level 10.5 Earth Magic
 + Level 10.5 Alchemy
 - Level 4.0 Invocations
 - Level 4.0 Evocations


You knew the following spells:

 Your Spells              Type           Power      Damage    Failure   Level
a - Foxfire               Conj/Fire      100%       2x1d9     1%          1
b - Scorch                Fire           100%       2d9       1%          2
c - Volatile Blastmotes   Fire/Tloc      100%       2d18      1%          3
d - Inner Flame           Hex/Fire       72%        N/A       1%          3
e - Flame Wave            Conj/Fire      72%        2d16      1%          4
f - Shock                 Conj/Air       100%       1d9       1%          1
g - Call Imp              Summ           100%       N/A       1%          2
h - Vampiric Draining     Necr           55%        2d9       1%          3
i - Sigil of Binding      Hex            55%        N/A       1%          3
j - Silence               Hex/Air        27%        N/A       1%          5
Your spell library was empty.

Dungeon Overview and Level Annotations

Branches:
Dungeon (11/15)            Temple (0/1) D:7            Lair (0/5) D:8
    Orc (0/2) D:11        Ossuary (visited)

Altars:
Elyvilon
Fedhas
Hepliaklqana
Makhleb
Okawaru
Qazlal
Ru
Trog
Yredelemnul
Zin
The Shining One

Shops:
D:1 (   D:8 *

Annotations:
D:6 2 runed translucent doors, Rayvis's ghost, novice MiFi
D:8 2 transporters, Skimidon's ghost, journeyman VSIE


Innate Abilities, Weirdness & Mutations

You are immune to sickness and miasma.
You are immune to poison.
Your flesh is very heat resistant. (rF++)
You are vulnerable to cold. (rC-)
You float through the air rather than walking.
You learn spells naturally, not from books.
Your magical power is your life essence.
You have superior vitality. (+4 MHP)


Message History

The boomerang barely misses you.
Unknown command.
Unknown command.
You feel much better. The orc hits you but does no damage.
The orc warrior misses you. Something hits you but does no damage.
Deactivating autopickup; reactivate with Ctrl-A.
Unknown command.
Aiming: Iceblast
Press: ? - help, Shift-Dir - straight line, f - orc warrior
Aim: an orc warrior, wielding a +0 halberd, wearing a +0 chain mail and quivering boomerangs The mass of ice explodes!
The iceblast engulfs something!
The iceblast engulfs the orc warrior!
The orc warrior is moderately wounded.
The iceblast engulfs the orc!
You kill the orc!
Makhleb accepts your kill. The iceblast engulfs you!!
You feel a painful chill!
* * * LOW HITPOINT WARNING * * *
The iceblast engulfs the orc!
You kill the orc!
Makhleb accepts your kill.
You hear a shout!
The orc warrior misses you.
A wraith comes into view.
Something closely misses you.
Unknown command.
Unknown command.
Unknown command.
Aiming: Iceblast
Press: ? - help, Shift-Dir - straight line, f/p - orc warrior
Aim: an orc warrior, wielding a +0 halberd, wearing a +0 chain mail and quivering boomerangs (moderately wounded)
The mass of ice explodes!
The iceblast engulfs something!
Makhleb accepts your kill.
Reactivating autopickup.
You feel a bit more experienced.
The iceblast engulfs the orc warrior!
The orc warrior is almost dead.
The iceblast engulfs the wraith!!
The wraith partially resists.
The wraith is severely damaged.
The iceblast engulfs you!!
You feel a painful chill!
You die...

................ .
#.o............
..##...............
...........##..........
........W..##....##....
...........o.....##....
..........oWo..........
..........#)###.....#..
..........#@..#..>..#
..........#...#.....###
.......<..#...#........
..........#...#........
..........#...#........
..........#####........
............^..........
.......................
+#.....................


You could see 2 wraiths, an orc warrior, 2 orc priests and an orc.

Vanquished Creatures
  Erica (D:10)
  A two-headed ogre (D:8)
  Pikel (D:7)
  A kobold demonologist (D:6)
  A komodo dragon (D:6)
  A troll (D:11)
  2 hornets (D:8)
  Grinder (D:5)
  14 yaks
  A wyvern (D:9)
  The ghost of Pascal76 the Chopper, an amateur MiGl (D:3)
  4 steam dragons
  Grum (D:8)
  A warg (D:11)
  A water moccasin (D:7)
  Duvessa (D:5)
  2 black bears
  4 ice beasts
  4 sky beasts
  3 ogres
  2 wolves (D:8)
  2 lemures (D:7)
  2 phantoms
  2 centaurs
  A kobold brigand (D:10)
  6 bullfrogs
  2 gnoll sergeants
  13 scorpions
  Dowan (D:5)
  5 killer bees (D:9)
  3 howler monkeys
  3 centaur zombies (Ossuary)
  A bombardier beetle (D:4)
  A human zombie (Ossuary)
  5 orc priests
  Crazy Yiuf (D:2)
  2 hounds
  7 jellies
  A sleepcap (D:6)
  A gnoll bouda (D:6)
  3 iguanas
  21 orc wizards
  4 scorpion zombies (Ossuary)
  3 mummies (Ossuary)
  11 gnolls
  15 adders
  A shadow imp (D:6)
  5 white imps
  2 ufetubi (D:6)
  3 ribbon worms
  3 dart slugs
  46 orcs
  5 ball pythons
  6 bats
  10 endoplasms
  6 giant cockroaches
  4 gnoll zombies (Ossuary)
  7 goblins
  4 hobgoblins
  8 kobolds
  5 quokkas
  4 ball python zombies (Ossuary)
  7 frilled lizards
  3 jackal zombies
  An orc zombie (Ossuary)
  5 rats
299 creatures vanquished.

Vanquished Creatures (collateral kills)
  A two-headed ogre (D:10)
1 creature vanquished.

Vanquished Creatures (others)
  A kobold (D:10)
  A quokka (D:7)
  126 foxfires
128 creatures vanquished.

Grand Total: 428 creatures vanquished

Notes
Turn   | Place    | Note
-------+----------+-------------------------------------------
     0 | D:1      | tilp the Djinni Fire Elementalist began the quest for the
                  | Orb.
     0 | D:1      | tilp set off with the following spells memorised: Foxfire,
                  | Scorch, Volatile Blastmotes, Inner Flame, Flame Wave.
     0 | D:1      | Reached XP level 1. HP: 15/15 MP: 0/0
    25 | D:1      | Found Eteroob's Weapon Shop.
   308 | D:1      | Reached XP level 2. HP: 17/21 MP: 0/0
   477 | D:1      | Reached skill level 1 in Fighting
   617 | D:1      | Reached XP level 3. HP: 25/27 MP: 0/0
   617 | D:1      | Learned a level 1 spell: Shock
  1344 | D:2      | Reached XP level 4. HP: 9/33 MP: 0/0
  2204 | D:2      | Found a runed translucent door.
  2205 | D:2      | Noticed Crazy Yiuf
  2405 | D:3      | Reached XP level 5. HP: 39/39 MP: 0/0
  2405 | D:3      | Learned a level 2 spell: Call Imp
  2701 | D:3      | Found a basalt altar of Yredelemnul.
  2827 | D:3      | Found the +3 pair of gauntlets of War {Slay+5}
  2852 | D:3      | Identified the +0 pair of boots "Elehegez" {rPois rCorr
                  | Str-2 Dex+7}
  2946 | D:3      | Found an iron altar of Okawaru.
  3152 | D:3      | Found a glowing silver altar of Zin.
  3193 | D:3      | Found a large runed translucent door.
  3194 | D:3      | Found a large runed translucent door.
  3238 | D:3      | Noticed Pascal76's ghost (amateur MiGl)
  3498 | D:4      | Reached XP level 6. HP: 37/47 MP: 0/0
  3907 | D:4      | Reached XP level 7. HP: 35/52 MP: 0/0
  3907 | D:4      | Learned a level 3 spell: Vampiric Draining
  3992 | D:5      | Entered Level 5 of the Dungeon
  4013 | D:5      | Reached skill level 5 in Spellcasting
  4013 | D:5      | Reached skill level 5 in Conjurations
  4013 | D:5      | Reached skill level 5 in Hexes
  4013 | D:5      | Reached skill level 5 in Summonings
  4013 | D:5      | Reached skill level 5 in Necromancy
  4013 | D:5      | Reached skill level 5 in Translocations
  4013 | D:5      | Reached skill level 5 in Fire Magic
  4013 | D:5      | Reached skill level 5 in Ice Magic
  4013 | D:5      | Reached skill level 5 in Air Magic
  4013 | D:5      | Reached skill level 5 in Earth Magic
  4013 | D:5      | Reached skill level 5 in Alchemy
  4176 | D:5      | Noticed Grinder
  4240 | D:5      | Reached skill level 1 in Evocations
  4276 | D:5      | Reached skill level 1 in Staves
  4332 | D:5      | Paralysed by Grinder for 5 turns
  4342 | D:5      | Killed Grinder
  4343 | D:5      | Reached XP level 8. HP: 56/58 MP: 0/0
  4851 | D:5      | Noticed Duvessa
  4852 | D:5      | Noticed Dowan
  4862 | D:5      | Killed Duvessa
  4866 | D:5      | Killed Dowan
  5083 | D:6      | Found a stormy altar of Qazlal.
  5083 | D:6      | Found a burning altar of Makhleb.
  5097 | D:6      | Reached XP level 9. HP: 57/62 MP: 0/0
  5097 | D:6      | Learned a level 3 spell: Sigil of Binding
  5099 | D:6      | Became a worshipper of Makhleb the Destroyer
  5100 | D:6      | Found a runed translucent door.
  5113 | D:6      | Found a sand-covered staircase.
  5122 | Ossuary  | Entered an ossuary
  5303 | Ossuary  | Reached * piety under Makhleb
  5342 | Ossuary  | Reached skill level 1 in Invocations
  5882 | D:6      | Reached ** piety under Makhleb
  5924 | D:6      | Reached XP level 10. HP: 57/69 MP: 0/0
  5932 | D:6      | Noticed a komodo dragon
  6004 | D:6      | Noticed a kobold demonologist
  6006 | D:6      | Reached skill level 5 in Dodging
  6009 | D:6      | Killed a kobold demonologist
  6010 | D:6      | Reached skill level 5 in Fighting
  6019 | D:6      | Killed a komodo dragon
  6217 | D:6      | Found a runed translucent door.
  6245 | D:6      | Noticed Rayvis's ghost (novice MiFi)
  6299 | D:7      | Found a blossoming altar of Fedhas.
  6328 | D:7      | Noticed Pikel
  6340 | D:7      | Killed Pikel
  6367 | D:7      | Found a white marble altar of Elyvilon.
  6792 | D:7      | Found a staircase to the Ecumenical Temple.
  7119 | D:7      | Reached XP level 11. HP: 75/76 MP: 0/0
  7119 | D:7      | Learned a level 5 spell: Silence
  7453 | D:7      | Found a hazy altar of Hepliaklqana.
  7479 | D:8      | Found a transporter.
  7488 | D:8      | Noticed Skimidon's ghost (journeyman VSIE)
  7492 | D:8      | Noticed a moth of wrath
  7545 | D:8      | Found a staircase to the Lair.
  7545 | D:8      | Noticed Grum
  7561 | D:8      | Killed Grum
  7561 | D:8      | Reached *** piety under Makhleb
  7723 | D:8      | Noticed a two-headed ogre
  7736 | D:8      | Killed a two-headed ogre
  8050 | D:8      | Found Vinilyna's Neck Hole.
  8331 | D:8      | Found a transporter.
  8554 | D:2      | Killed Crazy Yiuf
  8614 | D:3      | Killed Pascal76's ghost
  9167 | D:10     | Entered Level 10 of the Dungeon
  9216 | D:10     | Noticed a two-headed ogre
  9224 | D:10     | Killed a two-headed ogre
  9433 | D:10     | Identified the +2 scale mail "Damuecs" {rF+ Stlth+}
  9648 | D:10     | Found a bloodstained altar of Trog.
  9793 | D:10     | Reached skill level 10 in Spellcasting
  9793 | D:10     | Reached skill level 10 in Conjurations
  9793 | D:10     | Reached skill level 10 in Hexes
  9793 | D:10     | Reached skill level 10 in Summonings
  9793 | D:10     | Reached skill level 10 in Necromancy
  9793 | D:10     | Reached skill level 10 in Translocations
  9793 | D:10     | Reached skill level 10 in Fire Magic
  9793 | D:10     | Reached skill level 10 in Ice Magic
  9793 | D:10     | Reached skill level 10 in Air Magic
  9793 | D:10     | Reached skill level 10 in Earth Magic
  9793 | D:10     | Reached skill level 10 in Alchemy
  9809 | D:10     | Noticed Erica
  9819 | D:10     | Killed Erica
  9820 | D:10     | Reached XP level 12. HP: 31/86 MP: 0/0
  9880 | D:10     | Found a sacrificial altar of Ru.
  9955 | D:10     | Reached **** piety under Makhleb
  9982 | D:10     | Found a glowing golden altar of the Shining One.
 10243 | D:11     | Found a staircase to the Orcish Mines.
 10272 | D:11     | Killed themself with a badly aimed iceblast

Illustrated notes

Levels and vault maps discovered:
D:1:      tarquinn_simple_flora_water_a, layout_basic, serial_shops,
          nicolae_shop_bloodbath_and_beyond
D:2:      cheibrodos_pilgrimage, layout_basic, uniq_crazy_yiuf_cottage
D:3:      layout_basic, old_standard_altar, mainiacjoe_overflow_boulevard,
          zin_treasury, mainiacjoe_overflow_24_doors,
          ebering_ghost_disaster_area, chequers_serial_rivers_room_a,
          minmay_fractal_squares_5
D:4:      layout_basic
D:5:      layout_loops_ring, uniq_grinder, uniq_duvessa
D:6:      kennysheep_windowed_halls, layout_basic,
          chequers_temple_overflow_statue_of_worship, enter_ossuary_3,
          ebering_ghost_sewer_f
D:7:      minmay_polygon_palace, layout_loops_corners,
          mainiacjoe_overflow_six_doors_small, elyvilon_altar_4,
          kennysheep_mini, minmay_temple_entry_gardened_gates, uniq_pikel
D:8:      layout_basic, dpeg_oklobed_lair, gammafunk_ghost_berserking_beasts,
          minmay_holes, nicolae_shop_sticking_my_neck_out, uniq_grum
D:9:      layout_cave_pools
D:10:     layout_irregular_city, lemuel_round_altar,
          mainiacjoe_overflow_catwalk, nicolae_ru_great_annihilating_truth,
          uniq_erica
D:11:     layout_irregular_city, erik_orc_4, ebering_ghost_funeral_grove,
          uniq_josephine

Skill      XL: |  1  2  3  4  5  6  7  8  9 10 11 |
---------------+----------------------------------+-----
Fighting       | 1 2 3 4 6 8 |  8.0
Stealth        | 2 4 |  4.0
Dodging        | 3 4 6 8 |  8.0
Spellcasting   | 4 5 7 8 10 | 10.5
Conjurations   | 4 5 7 8 10 | 10.5
Hexes          | 4 5 7 8 10 | 10.5
Summonings     | 4 5 7 8 10 | 10.5
Necromancy     | 4 5 7 8 10 | 10.5
Translocations | 4 5 7 8 10 | 10.5
Fire Magic     | 4 5 7 8 10 | 10.5
Ice Magic      | 4 5 7 8 10 | 10.5
Air Magic      | 4 5 7 8 10 | 10.5
Earth Magic    | 4 5 7 8 10 | 10.5
Alchemy        | 4 5 7 8 10 | 10.5
Evocations     | 2 3 4 |  4.0
Staves         | 2 4 |  4.0
Invocations    | 2 4 |  4.0

Action                     |  1- 3 |  4- 6 |  7- 9 | 10-12 || total
---------------------------+-------+-------+-------+-------++-------
  Melee: Unarmed           |     1 |       |       |       ||     1
         Falchion          |     2 |     4 |       |       ||     6
         Staff             |       |       |    11 |    31 ||    42
  Throw: Stone             |       |       |     1 |     1 ||     2
   Cast: Foxfire           |    28 |    18 |    26 |    19 ||    91
         Scorch            |    20 |    72 |   143 |   164 ||   399
         Volatile Blastmot |     1 |       |    11 |       ||    12
         Flame Wave        |       |       |    26 |    38 ||    64
         Call Imp          |       |       |       |     4 ||     4
         Inner Flame       |       |       |       |     4 ||     4
  Evoke: Wand              |       |       |       |     1 ||     1
    Use: Scroll            |     4 |     9 |     7 |     6 ||    26
         Potion            |       |       |     1 |     1 ||     2
 Armour: Robe              |     5 |       |    49 |   127 ||   181
         Leather armour    |     3 |    32 |    51 |       ||    86
  Dodge: Dodged            |    20 |    30 |    80 |   143 ||   273
  Block: Other             |       |     1 |       |       ||     1
